 Dungeon Crawl Stone Soup version 0.20.1-1-g8b1a95d (webtiles) character file.

97 keltmir the Ruffian (level 4, -17/34 (37) HPs)
             Began as a Draconian Transmuter on Oct 28, 2017.
             Was an Initiate of Trog (penitent).
             Demolished by a polar bear (19 damage)
             ... created by the rage of Trog
             ... on level 2 of the Dungeon.
             The game lasted 00:08:58 (1859 turns).

keltmir the Ruffian (Draconian Transmuter)          Turns: 1859, Time: 00:08:59

HP:   -17/34 (37)   AC:  6    Str: 12    XL:     4   Next: 42%
MP:   1/7           EV: 12    Int: 15    God:    Trog [*]
Gold: 71            SH:  0    Dex: 11    Spells: 3/7 levels left

rFire    . . .     SeeInvis .     - Unarmed
rCold    . . .     Gourm    .   (no shield)
rNeg     . . .     Faith    .   (armour unavailable)
rPois    .         Spirit   .   (helmet restricted)
rElec    .         Reflect  .   (no cloak)
rCorr    .         Harm     .   k - +0 pair of gloves
MR       .....                  (no boots)
Stlth    +.........             (no amulet)
Regen    0.2/turn               (no ring)
MPRegen  0.1/turn               (no ring)

@: very slightly contaminated, slowed, very slow
A: unfitting armour, cold-blooded, AC +5
a: Burn Spellbooks, Renounce Religion


You were on level 2 of the Dungeon.
You worshipped Trog.
Trog was demanding penance.
You were not hungry.

You visited 1 branch of the dungeon, and saw 2 of its levels.

You collected 71 gold pieces.

Inventory:

Hand Weapons
 n - a cursed -3 short sword
Missiles
 a - 29 arrows
 m - 100 stones (quivered)
Armour
 k - a +0 pair of gloves (worn)
 o - a +1 hat
Scrolls
 e - 2 scrolls of fear
 j - 3 scrolls of identify
 l - a scroll of amnesia
 p - a scroll of random uselessness {unknown}
 r - a scroll of teleportation
Potions
 g - a potion of degeneration {unknown}
 i - a potion of resistance {unknown}
 q - a potion of heal wounds {unknown}
Books
 b - a book of Changes

   Spells                             Type                      Level
   a - Beastly Appendage              Transmutation                1
   b - Sticks to Snakes               Transmutation                2
   c - Spider Form                    Transmutation/Poison         3
   d - Ice Form                       Ice/Transmutation            4
   e - Blade Hands                    Transmutation                5
   Trog disapproves of the use of such an item.
Comestibles
 c - a bread ration
 d - 2 royal jellies
 f - 2 fruits
 h - 2 meat rations


   Skills:
 - Level 2.5 Fighting
 - Level 2.0 Dodging
 - Level 0.2 Stealth
 - Level 4.2 Unarmed Combat
 - Level 2.1 Spellcasting
 * Level 2.4 Transmutations


You had 3 spell levels left.
You knew the following spells:

 Your Spells              Type           Power        Failure   Level  Hunger
a - Beastly Appendage     Tmut           #.....       9%          1    #......
b - Spider Form           Tmut/Pois      #.........   38%         3    ###....


Dungeon Overview and Level Annotations

Branches:
Dungeon (2/15)

Altars:
Makhleb
Trog


Innate Abilities, Weirdness & Mutations

Your plain brown scales are hard. (AC +5)
You cannot fit into any form of body armour.
You are cold-blooded and may be slowed by cold attacks.


Message History

5 polar bears come into view.
Casting: Spider Form
Confirm with . or Enter, or press ? or * to list all spells.
Casting this spell will place you under penance.
Really cast?
You miscast Spider Form.
You are very lightly contaminated with residual magic.
Your skin glows momentarily.
Casting: Spider Form
Confirm with . or Enter, or press ? or * to list all spells.
Casting this spell will place you under penance.
Really cast?
You miscast Spider Form.
You hear snatches of song.
The polar bear bites you!!
Ouch! That really hurt!
* * * LOW HITPOINT WARNING * * *
The polar bear closely misses you. x2; The polar bear barely misses you.
The polar bear claws you but does no damage.
The polar bear misses you. The polar bear bites you!!
Ouch! That really hurt!
You die...

####......###.########.####
#..........................
#......####................
#......†..#.#.##.......####
#......#....#.##.......#
#####.##....#.##.......#
...........#.##.......#
####.#.hh..#.##.......# #
#...@.#.##.......#
#..hhh#.##.......#
#.....#.##.....#.#
#.#.#.#........#.#
#.#.#.####....##.# #.#.#?#
#....##.# #. .# #....##..
#. .# #....##.. ###### #.


You could see 5 polar bears.

Vanquished Creatures
  A scorpion (D:2)
  A worm (D:2)
  4 dart slugs
  A leopard gecko (D:1)
  3 bats
  3 giant cockroaches
  2 goblins (D:1)
  3 hobgoblins (D:2)
  2 frilled lizards (D:2)
  5 kobolds
  8 rats
33 creatures vanquished.

Notes
Turn   | Place    | Note
-------+----------+-------------------------------------------
     0 | D:1      | keltmir the Draconian Transmuter began the quest for the Orb.
     0 | D:1      | Reached XP level 1. HP: 16/16 MP: 3/3
   177 | D:1      | Reached XP level 2. HP: 21/23 MP: 5/5
   954 | D:2      | Found a faded altar of an unknown god.
   993 | D:2      | Became a worshipper of Trog the Wrathful
   993 | D:2      | Reached * piety under Trog
  1192 | D:2      | Reached XP level 3. HP: 28/28 MP: 6/6
  1199 | D:2      | Was placed under penance by Trog
  1203 | D:2      | Learned a level 3 spell: Spider Form
  1298 | D:2      | Found a burning altar of Makhleb.
  1666 | D:2      | Noticed a scorpion
  1668 | D:2      | Was forgiven by Trog
  1674 | D:2      | Was placed under penance by Trog
  1681 | D:2      | Killed a scorpion
  1681 | D:2      | Reached skill level 4 in Unarmed Combat
  1681 | D:2      | Reached XP level 4. HP: 11/34 MP: 5/7
  1858 | D:2      | Noticed a polar bear
  1858 | D:2      | Noticed a polar bear
  1858 | D:2      | Noticed a polar bear
  1858 | D:2      | Noticed a polar bear
  1858 | D:2      | Noticed a polar bear
  1859 | D:2      | Demolished by a polar bear

Skill      XL: |  1  2  3 |
---------------+----------+-----
Dodging        | 2 |  2.0
Fighting       | 2 |  2.5
Unarmed Combat | 4 |  4.2
Stealth        | |  0.2
Spellcasting   | |  2.1
Transmutations | |  2.4

Action                   |  1- 3 |  4- 6 || total
-------------------------+-------+-------++-------
Melee: Unarmed           |   137 |     2 ||   139
       Tailslap          |    12 |       ||    12
       Kick              |     1 |       ||     1
       Headbutt          |     1 |       ||     1
       Punch             |     1 |       ||     1
Throw: Stone             |     6 |       ||     6
 Cast: Beastly Appendage |     3 |       ||     3
       Spider Form       |       |     1 ||     1
  Use: Scroll            |     3 |       ||     3
 Stab: Sleeping          |     2 |       ||     2
  Eat: Chunk             |     2 |       ||     2
       Bread ration      |       |     1 ||     1
Armor: Skin              |    38 |     1 ||    39
Dodge: Dodged            |    81 |     5 ||    86
